 Dungeon Crawl Stone Soup version 0.19-a0-957-gf4ea323 (webtiles) character file.

84 Charly the Grave Robber (level 4, -3/30 HPs)
             Began as a Human Necromancer on July 10, 2016.
             Slain by Pikel
             ... wielding a +2 whip of flaming
              (4 damage)
             ... on level 4 of the Dungeon.
             The game lasted 00:10:35 (726 turns).

Charly the Grave Robber (Human Necromancer)          Turns: 726, Time: 00:10:35

Health: -3/30      AC:  9    Str:  8    XL:     4   Next: 72%
Magic:  2/7        EV: 12    Int: 17    God:
Gold:   0          SH:  0    Dex: 13    Spells: 2 memorised, 3 levels left

rFire  . . .     SeeInvis .     g - +2 quarterstaff (protect)
rCold  . . .     Gourm    .     a - +0 robe
rNeg   . . .     Faith    .     (shield currently unavailable)
rPois  .         Spirit   .     (no helmet)
rElec  .         Dismiss  .     e - +0 cloak
rCorr  .         Reflect  .     (no gloves)
SustAt .         Harm     .     o - +0 pair of boots
MR     +....                    (no amulet)
Stlth  ++........               (no ring)
                                h - ring of protection from magic

@: somewhat resistant to hostile enchantments, unstealthy
A: no striking features
a: no special abilities


You were on level 4 of the Dungeon.
You were not hungry.

You visited 1 branch of the dungeon, and saw 5 of its levels.

Inventory:

Hand Weapons
 g - a +2 quarterstaff of protection (weapon)
Armour
 a - a +0 robe (worn)
 e - a +0 cloak (worn)
 o - a +0 pair of boots (worn)
Magical Staves
 l - an uncursed staff of conjuration
Jewellery
 h - a ring of protection from magic (left hand)
Scrolls
 d - a scroll of teleportation {unknown}
 i - a scroll of magic mapping {unknown}
 j - 2 scrolls of identify {unknown}
 p - a scroll of enchant weapon {unknown}
Potions
 f - a potion of lignification {unknown}
 k - 2 potions of brilliance {unknown}
 m - a potion of flight {unknown}
 n - a potion of heal wounds {unknown}
Books
 b - a book of Necromancy

   Spells                             Type                      Level
   a - Pain                           Necromancy                   1
   b - Animate Skeleton               Necromancy                   1
   c - Vampiric Draining              Necromancy                   3
   d - Regeneration                   Charms/Necromancy            3
   e - Animate Dead                   Necromancy                   4
   f - Control Undead                 Necromancy                   4
Comestibles
 c - a bread ration


   Skills:
 + Level 3.4 Staves
 - Level 2.0 Dodging
 - Level 2.0 Stealth
 - Level 1.5 Unarmed Combat
 - Level 2.0 Spellcasting
 - Level 4.0 Necromancy


You had 3 spell levels left.
You knew the following spells:

 Your Spells              Type           Power        Failure   Level  Hunger
p - Pain                  Necr           ###.         3%          1    #......
r - Regeneration          Chrm/Necr      #.........   24%         3    ###....


Dungeon Overview and Level Annotations

Branches:
Dungeon (5/15)
 Temple: D:4-7

Altars:
Dithmenos

Annotations:
D:4 Pikel


Message History

Pikel is heavily wounded.
Pikel hits you but does no damage.
You hit Pikel.
Pikel is heavily wounded.
Pikel hits you but does no damage.
You closely miss Pikel.
Pikel is heavily wounded.
Pikel hits you but does no damage.
You thump Pikel!
Pikel is severely wounded.
Pikel barely misses you.
You completely miss Pikel.
Pikel is severely wounded.
Pikel hits you but does no damage.
You barely miss Pikel.
Pikel is severely wounded.
Pikel misses you. Pikel hits you with a whip of flaming!
* * * LOW HITPOINT WARNING * * *
Pikel burns you.
You die...

.)<..###.................##..## #
......#..#...............###..###
......#..#...............# #.....
.........##.............# ##.####
.........##...........w.###.##
.......p####...........###.##
.......p# ##........###..##
........# #######.....w.#
........######pK@...####>.#
...##....wWppp####### #..# ###
#....###### ##.# #...#### #.##
...## #[.# ...# #..# ..# ##.# .#
#.## #..#


You could see Pikel, a phantom, 4 slaves and a worm.

Vanquished Creatures
  A giant frog skeleton (D:4)
  An iguana (D:4)
  An adder (D:3)
  2 giant geckos
  4 orcs (D:3)
  A bat (D:1)
  3 giant cockroaches
  3 goblins (D:3)
  A quokka (D:3)
  A kobold (D:3)
18 creatures vanquished.

Notes
Turn   | Place    | Note
-------+----------+-------------------------------------------
     0 | D:1      | Charly the Human Necromancer began the quest for the Orb.
     0 | D:1      | Reached XP level 1. HP: 13/13 MP: 3/3
    74 | D:2      | You fall through a shaft!
   100 | D:3      | Reached skill level 1 in Unarmed Combat
   101 | D:3      | Found a shadowy altar of Dithmenos.
   113 | D:3      | Reached XP level 2. HP: 13/19 MP: 0/5
   147 | D:5      | Entered Level 5 of the Dungeon
   160 | D:5      | Noticed an ogre
   166 | D:5      | Noticed a crimson imp
   166 | D:5      | Noticed a crimson imp
   201 | D:3      | Reached skill level 1 in Staves
   207 | D:3      | Reached XP level 3. HP: 14/24 MP: 1/6
   212 | D:3      | Learned a level 3 spell: Regeneration
   284 | D:4      | Noticed a phantom
   427 | D:4      | Reached XP level 4. HP: 28/30 MP: 4/7
   577 | D:4      | Noticed Pikel
   577 | D:4      | Noticed a slave
   600 | D:4      | Noticed a slave
   601 | D:4      | Noticed a slave
   604 | D:4      | Noticed a slave
   726 | D:4      | HP: 1/30 [Pikel/whip of flaming (7)]
   726 | D:4      | Slain by Pikel

Vault maps used:
D:1:      lemuel_arrival_broad_hall, st_stairs_13, minmay_crystal_water
D:2:      xom_butterflies, nicolae_overflow_hidden_temple, lemuel_doored_altar,
          first_bread
D:3:      bloody_trog, overflow_temple_1_default,
          nicolae_dithmenos_shadow_blocks
D:4:      serial_glass, glass_columns_a, glass_columns_a, uniq_pikel
D:5:      gammafunk_temple_overflow_wave

Skill      XL: |  1  2  3  4 |
---------------+-------------+-----
Unarmed Combat | 1 |  1.5
Staves         | 1 2 3 |  3.4
Dodging        | |  2.0
Stealth        | |  2.0
Spellcasting   | |  2.0
Necromancy     | |  4.0

Action                   |  1- 3 |  4- 6 || total
-------------------------+-------+-------++-------
Melee: Quarterstaff      |    28 |    43 ||    71
 Cast: Pain              |    15 |     2 ||    17
       Regeneration      |     1 |     4 ||     5
  Eat: Beef jerky        |     1 |       ||     1
Armor: Robe              |    10 |    11 ||    21
Dodge: Dodged            |    21 |    25 ||    46
